 Dungeon Crawl Stone Soup version 0.26-a0-1132-ge9770dfcb6 (webtiles) character file.

Game seed: 8033815366965636985

25 Cheivey the Magician (level 3, 6/28 HPs)
             Began as a Gnoll Wanderer on Dec 19, 2020.
             Quit the game on level 2 of the Dungeon.
             The game lasted 00:02:03 (1215 turns).

Cheivey the Magician (Gnoll Wanderer)               Turns: 1215, Time: 00:02:04

Health: 6/28       AC:  2    Str: 17    XL:     3   Next: 6%
Magic:  9/9        EV: 11    Int: 16    God:
Gold:   59         SH:  0    Dex: 10    Spells: 11/12 levels left

rFire    . . .     SeeInvis .   a - +0 dagger
rCold    . . .     Faith    .   (no shield)
rNeg     . . .     Spirit   .   e - +0 robe
rPois    .         Reflect  .   (no helmet)
rElec    .         Harm     .   (no cloak)
rCorr    .         Rampage  .   (no gloves)
Will     .....                  (no boots)
Stlth    +.........             (no amulet)
HPRegen  0.09/turn              (no ring)
MPRegen  0.11/turn              (no ring)

@: lethally poisoned (6 -> -7)
A: distributed training, fangs 1, strong nose
a: no special abilities


You were on level 2 of the Dungeon.
You visited 1 branch of the dungeon, and saw 2 of its levels.

You collected 59 gold pieces.

Inventory:

Hand Weapons
 a - a +0 dagger (weapon)
Missiles
 c - 12 poisoned darts (quivered)
Armour
 e - a +0 robe (worn)
Jewellery
 i - an uncursed ring of poison resistance {unknown}
Scrolls
 d - a scroll of teleportation {unknown}
 h - a scroll of enchant armour {unknown}
 k - 4 scrolls of remove curse {unknown}
 m - a scroll of amnesia {unknown}
Potions
 b - a potion of heal wounds {unknown}
 f - a potion of mutation {unknown}
 g - a potion of experience {unknown}
 j - a potion of brilliance {unknown}
 l - a potion of curing {unknown}


   Skills:
 + Level 2.5 Fighting
 + Level 0.6 Short Blades
 + Level 0.6 Long Blades
 + Level 0.6 Axes
 + Level 2.5 Maces & Flails
 + Level 0.6 Polearms
 + Level 0.6 Staves
 + Level 0.6 Slings
 + Level 0.6 Bows
 + Level 0.6 Crossbows
 + Level 2.5 Throwing
 + Level 2.5 Armour
 + Level 0.6 Dodging
 + Level 0.6 Stealth
 + Level 0.6 Shields
 + Level 0.6 Unarmed Combat
 + Level 5.0 Spellcasting
 + Level 3.7 Conjurations
 + Level 0.4 Hexes
 + Level 0.4 Summonings
 + Level 0.4 Necromancy
 + Level 0.4 Translocations
 + Level 0.4 Transmutations
 + Level 2.1 Fire Magic
 + Level 0.4 Ice Magic
 + Level 0.4 Air Magic
 + Level 0.4 Earth Magic
 + Level 0.4 Poison Magic
 + Level 0.8 Invocations
 + Level 2.5 Evocations


You had 11 spell levels left.
You knew the following spells:

 Your Spells              Type           Power        Failure   Level
a - Magic Dart            Conj           64%          3%          1

Your spell library contained the following spells:

 Spells                   Type           Power        Failure   Level
 Searing Ray              Conj           32%          4%          2
 Summon Small Mammal      Summ           20%          13%         1
 Dazzling Flash           Conj/Hex       20%          19%         3
 Summon Guardian Golem    Hex/Summ       5%           36%         3
 Fulminant Prism          Conj/Hex       5%           54%         4
 Iskenderun's Mystic Bla  Conj/Tloc      10%          54%         4


Dungeon Overview and Level Annotations

Branches:
Dungeon (2/15)

Altars:


Innate Abilities, Weirdness & Mutations

Your experience applies equally to all skills.
You have very sharp teeth.
Your uncanny sense of smell can sniff out nearby items.


Message History

You are too injured to fight recklessly!
You are too injured to fight recklessly!
You are too injured to fight recklessly!
Unknown command.
You are too injured to fight recklessly!
You feel sick. The bat closely misses you.
You feel sick. The bat hits you but does no damage.
The hobgoblin hits you with a +0 club.
* * * LOW HITPOINT WARNING * * *
The bat hits you but does no damage.
An adder and a goblin come into view.
* * * LOW HITPOINT WARNING * * *
You feel sick.
The goblin shouts!
The adder hisses angrily.
The adder bites you.
* * * LOW HITPOINT WARNING * * *
You are more poisoned.
The adder poisons you!
Found a chain mail.
Found a stone staircase leading down.
Are you sure you want to abandon this character and quit the game? (Confirm with "yes".)

.......>.......
...............
...........S...
...........g...
........!......
...............
#...[..........
##### #@##
.....##Sb######.
.......g..?.....
............###.
............<...
............####
............#
............#
#####.......#


You could see 2 adders, a hobgoblin, a goblin and a bat.

Vanquished Creatures
  An ooze (D:1)
  2 dart slugs (D:1)
  2 giant cockroaches (D:1)
  2 goblins (D:1)
  A hobgoblin (D:1)
  3 jackals (D:1)
  4 frilled lizards (D:1)
  A kobold (D:1)
  A rat (D:1)
17 creatures vanquished.

Notes
Turn   | Place    | Note
-------+----------+-------------------------------------------
     0 | D:1      | Cheivey the Gnoll Wanderer began the quest for the Orb.
     0 | D:1      | Cheivey set off with the following items: a +0 dagger, 12
                  | poisoned darts, a +0 robe; and the following spells
                  | available to memorise: Magic Dart, Searing Ray, Summon
                  | Small Mammal, Dazzling Flash, Summon Guardian Golem,
                  | Fulminant Prism, Iskenderun's Mystic Blast
     0 | D:1      | Reached XP level 1. HP: 17/17 MP: 6/6
     2 | D:1      | Learned a level 1 spell: Magic Dart
   310 | D:1      | Reached XP level 2. HP: 15/23 MP: 7/7
   812 | D:1      | Reached XP level 3. HP: 28/28 MP: 3/9
  1087 | D:1      | Reached skill level 5 in Spellcasting
  1215 | D:2      | Quit the game

Illustrated notes

Levels and vault maps discovered:
D:1:      giann_wishing_wells, layout_loops_ring
D:2:      layout_rooms, lemuel_zombie_altar_yredelemnul

Skill      XL: |  1  2  3 |
---------------+----------+-----
Fire Magic     | 2 |  2.1
Spellcasting   | 5 |  5.0
Fighting       | |  2.5
Short Blades   | |  0.6
Long Blades    | |  0.6
Axes           | |  0.6
Maces & Flails | |  2.5
Polearms       | |  0.6
Staves         | |  0.6
Slings         | |  0.6
Bows           | |  0.6
Crossbows      | |  0.6
Throwing       | |  2.5
Armour         | |  2.5
Dodging        | |  0.6
Stealth        | |  0.6
Shields        | |  0.6
Unarmed Combat | |  0.6
Conjurations   | |  3.7
Hexes          | |  0.4
Summonings     | |  0.4
Necromancy     | |  0.4
Translocations | |  0.4
Transmutations | |  0.4
Ice Magic      | |  0.4
Air Magic      | |  0.4
Earth Magic    | |  0.4
Poison Magic   | |  0.4
Invocations    | |  0.8
Evocations     | |  2.5

Action                   || total
-------------------------++-------
Melee: Dagger            ||    37
       Bite              ||     4
 Cast: Magic Dart        ||    31
Armor: Robe              ||     4
Dodge: Dodged            ||    36

Table legend: (Time is in decaauts)
 A = Elapsed time spent in this place.
 B = Non-inter-level travel time spent in this place.
 C = Inter-level travel time spent in this place.
 D = Time resting spent in this place.
 E = Time spent auto-exploring this place.
 F = Levels seen in this place.
 G = Mean time per level.
                   A        B        C        D        E       F      G
               +--------+--------+--------+--------+--------+-----+--------+
         Total |   1214 |   1167 |     47 |      0 |   1055 |   2 |  607.0 |
       Dungeon |   1214 |   1167 |     47 |      0 |   1055 |   2 |  607.0 |
               +--------+--------+--------+--------+--------+-----+--------+

Top non-repeatable levels by time:
     D:1: 1201 daAuts
     D:2: 12 daAuts
